AoeStats
← Ok Boomer

Arena

509733952Analyzed
2v2 RM · 6d ago on Sep 27, 2026· 47m 28s· 4 players
Game mode
Random Map
Map size
Medium (4 player)
Population
200
Speed
Normal
Resources
Standard
Victory
Conquest
Starting age
Dark Age
Ending age
Imperial Age
RankedLock teamsTeams togetherTeam positionsShared explorationLock speedFull tech treeHidden civsTurbo modeCheats
Victory
Defeat
🇨🇭 Varangians · Switzerland
1341
+15
🇨🇭 Celts · Switzerland
1340
+15
🇩🇪 Bengalis · Germany
1415
-18
🇩🇪 Persians · Germany
1239
-12
melkayaking
12:06 Feudal Age
12:32 Double-Bit Axe
12:30 Horse Collar
15:26 Loom
19:17 Castle Age
18:02 Scale Barding Armor
18:44 Gold Mining
19:15 Stone Mining
21:59 Heavy Plow
23:40 Bloodlines
23:59 Chain Barding Armor
27:39 Forging
29:34 Wheelbarrow
30:35 Bow Saw
33:22 Imperial Age
32:29 Kamandaran
31:58 Crossbowman
32:45 Padded Archer Armor
32:36 Fletching
33:53 Hand Cart
34:14 Husbandry
35:00 Thumb Ring
35:34 Iron Casting
35:27 Cavalier
39:00 Savar
46:07 Plate Barding Armor
46:33 Blast Furnace
45:49 Leather Archer Armor
45:29 Bodkin Arrow
Jesse Pikeman
10:26 Feudal Age
14:11 Castle Age
12:36 Double-Bit Axe
12:45 Horse Collar
15:17 Bow Saw
15:32 Heavy Plow
20:18 Wheelbarrow
19:42 Loom
20:12 Town Watch
20:43 Stone Mining
21:39 Hand Cart
21:19 Gold Mining
22:02 Hand Cart
27:01 Imperial Age
24:44 Padded Archer Armor
25:03 Fletching
26:13 Ballistics
26:03 Husbandry
26:49 Bodkin Arrow
27:33 Leather Archer Armor
27:33 Forging
27:57 Bracer
29:08 Chemistry
28:26 Bloodlines
29:33 Ring Archer Armor
30:51 Light Cavalry
31:38 Scale Barding Armor
31:43 Forging
33:34 Paiks
33:50 Conscription
34:02 Chain Barding Armor
34:42 Iron Casting
35:47 Plate Barding Armor
36:29 Mahayana
37:25 Blast Furnace
36:46 Elite Elephant Archer
38:10 Mahayana
BETTERGETLOOM
10:34 Feudal Age
14:24 Castle Age
12:35 Horse Collar
13:12 Double-Bit Axe
15:20 Bow Saw
20:37 Fletching
22:52 Wheelbarrow
24:42 Gold Mining
24:57 Heavy Plow
28:53 Imperial Age
26:48 Bodkin Arrow
27:35 Hand Cart
28:24 Ballistics
28:25 Padded Archer Armor
29:23 Scale Barding Armor
29:36 Leather Archer Armor
29:12 Cranequins
29:59 Bracer
30:52 Chain Barding Armor
30:17 Light Cavalry
31:09 Bloodlines
31:21 Hussar
32:13 Forging
32:12 Hussar
32:16 Heavy Mounted Crossbowman
34:54 Chemistry
34:49 Conscription
36:28 Plate Barding Armor
36:36 Loom
38:55 Iron Casting
43:33 Blast Furnace
45:19 Husbandry
45:20 Capped Ram
47:17 Ring Archer Armor
46:11 Siege Ram
Ok Boomer
10:35 Feudal Age
14:10 Castle Age
12:20 Double-Bit Axe
12:37 Horse Collar
14:39 Forging
22:08 Bow Saw
23:41 Heavy Plow
24:24 Wheelbarrow
24:29 Loom
25:40 Hand Cart
30:02 Imperial Age
28:38 Gold Mining
29:11 Scale Mail Armor
29:54 Gold Shaft Mining
29:44 Town Watch
31:02 Furor Celtica
31:03 Siege Engineers
31:02 Onager
33:56 Chemistry
33:40 Siege Onager
36:26 Chain Mail Armor
36:46 Iron Casting
35:34 Pikeman
36:12 Halberdier
36:38 Arson
38:53 Plate Mail Armor
39:24 Blast Furnace
42:41 Conscription
Connection lost

Rejoining the realm…

Still unreachable

The connection could not be restored.

Session expired

The server has moved on; the page needs a fresh start.